AoeStats
← MoTheGoat9511

Arabia

509165260Analyzed
2v2 RM · 6d ago on Sep 25, 2026· 32m 50s· 4 players
Game mode
Random Map
Map size
Medium (4 player)
Population
200
Speed
Normal
Resources
Standard
Victory
Conquest
Starting age
Dark Age
Ending age
Imperial Age
RankedLock teamsTeams togetherTeam positionsShared explorationLock speedFull tech treeHidden civsTurbo modeCheats
Victory
Defeat
🇫🇷 Vikings · France
961
+15
🇹🇷 Poles · Türkiye
936
+16
🇺🇸 Huns · United States
943
-15
🇧🇷 Mongols · Brazil
940
-16
BerkO76567
6:29 Loom
9:56 Feudal Age
11:02 Double-Bit Axe
21:00 Forging
22:13 Bloodlines
22:42 Scale Barding Armor
31:24 Castle Age
31:54 Town Watch
31:33 Light Cavalry
32:14 Husbandry
groink
8:04 Loom
10:19 Feudal Age
11:06 Double-Bit Axe
11:02 Horse Collar
14:11 Forging
21:16 Castle Age
19:38 Gold Mining
19:21 Man-at-Arms
20:17 Scale Mail Armor
21:29 Long Swordsman
22:58 Heavy Plow
23:18 Squires
23:05 Arson
26:26 Chain Mail Armor
28:28 Iron Casting
31:23 Light Cavalry
35:10 Imperial Age
MoTheGoat9511
15:50 Feudal Age
30:23 Wheelbarrow
BR Machado
12:47 Feudal Age
14:04 Double-Bit Axe
15:10 Bloodlines
16:46 Loom
27:01 Castle Age
25:15 Forging
25:06 Scale Mail Armor
Connection lost

Rejoining the realm…

Still unreachable

The connection could not be restored.

Session expired

The server has moved on; the page needs a fresh start.